 Dungeon Crawl Stone Soup version 0.23-a0-458-g93a6ea9 (webtiles) character file.

8443 tilp the Impaler (level 11, -10/77 HPs)
             Began as a Merfolk Ice Elementalist on Nov 25, 2018.
             Was a Follower of Makhleb.
             Mangled by Snorg (12 damage)
             ... on level 10 of the Dungeon.
             The game lasted 00:52:26 (16831 turns).

tilp the Impaler (Merfolk Ice Elementalist)        Turns: 16831, Time: 00:52:26

Health: -10/77     AC: 12    Str:  9    XL:     11   Next: 31%
Magic:  0/17       EV: 15    Int: 20    God:    Makhleb [*.....]
Gold:   313        SH:  0    Dex: 14    Spells: 1/18 levels left

rFire    + . .     SeeInvis .   j - +0 glaive
rCold    . . .     Gourm    .   (shield currently unavailable)
rNeg     + + .     Faith    .   d - +0 robe
rPois    +         Spirit   +   z - +0 helmet
rElec    .         Reflect  .   M - +0 cloak {rPois}
rCorr    .         Harm     .   I - +0 pair of gloves
MR       +....                  m - +0 pair of boots
Stlth    ++........             N - amulet "Uteube" {Spirit *Drain rN+ MR+ Int+2}
HPRegen  0.22/turn              k - ring of positive energy
MPRegen  0.15/turn              F - ring of protection from fire

@: icy armour
A: change form in water, swift swim, stealthy swim
a: Renounce Religion


You were on level 10 of the Dungeon.
You worshipped Makhleb.
Makhleb was aware of your devotion.
You were not hungry.

You visited 2 branches of the dungeon, and saw 11 of its levels.
You also visited: Ossuary.

You collected 670 gold pieces.
You spent 357 gold pieces at shops.

Inventory:

Hand Weapons
 j - a +0 glaive (weapon)
 A - a +0 halberd
Missiles
 G - 8 tomahawks (quivered)
Armour
 d - a +0 robe (worn)
 m - a +0 pair of boots (worn)
 q - a +0 troll leather armour
 z - a +0 helmet (worn)
 I - a +0 pair of gloves (worn)
 M - a +0 cloak of poison resistance (worn)
Jewellery
 a - an uncursed amulet of rage
 k - a ring of positive energy (left hand)
 B - an uncursed ring of ice
 F - a ring of protection from fire (right hand)
 N - the amulet "Uteube" (around neck) {Spirit *Drain rN+ MR+ Int+2}
   (You took it off a wight on level 9 of the Dungeon)

   [amulet of guardian spirit]

   It causes incoming damage to be split between your health and magic.
   It affects your intelligence (+2).
   It protects you from negative energy.
   It affects your resistance to hostile enchantments.
   It causes draining when unequipped.
Wands
 s - a wand of digging (3)
 x - a wand of flame (12)
 D - a wand of polymorph (3)
 J - a wand of enslavement (6)
Scrolls
 e - 6 scrolls of teleportation
 i - 11 scrolls of remove curse
 l - 2 scrolls of immolation
 o - 3 scrolls of fear
 p - a scroll of magic mapping
 w - 6 scrolls of amnesia
 y - 3 scrolls of identify
 H - 2 scrolls of enchant weapon
Potions
 f - a potion of haste
 g - 4 potions of flight
 h - a potion of magic
 n - a potion of curing
 r - 2 potions of resistance
 u - 2 potions of cancellation
 v - 2 potions of mutation
 C - a potion of invisibility
 E - 2 potions of agility
 O - a potion of lignification
Comestibles
 b - 9 chunks of flesh
 c - 12 rations


   Skills:
 - Level 4.3 Fighting
 * Level 17.5 Polearms
 - Level 6.0 Dodging
 - Level 2.1 Stealth
 - Level 4.1 Spellcasting
 + Level 2.6 Conjurations
 - Level 4.2 Charms
 - Level 6.1 Ice Magic
 - Level 4.0 Evocations


You had one spell level left.
You knew the following spells:

 Your Spells              Type           Power        Failure   Level  Hunger
a - Freeze                Ice            ####         1%          1    None
b - Throw Frost           Conj/Ice       ###...       3%          2    #......
c - Ozocubu's Armour      Chrm/Ice       ###.....     4%          3    ###....
d - Throw Icicle          Conj/Ice       ###.....     22%         4    ####...
e - Conjure Flame         Conj/Fire      #.......     22%         3    ###....
f - Blink                 Tloc           N/A          19%         2    #......
g - Apportation           Tloc           #.....       13%         1    None
h - Summon Butterflies    Summ           #.......     13%         1    None

Your spell library contained the following spells:

 Spells                   Type           Power        Failure   Level  Hunger
 Magic Dart               Conj           ##..         4%          1    None
 Call Imp                 Summ           #.......     19%         2    #......
 Slow                     Hex            #.......     19%         2    #......
 Mephitic Cloud           Conj/Pois/Air  #.......     26%         3    ###....
 Summon Ice Beast         Ice/Summ       ###.....     34%         4    ####...
 Lesser Beckoning         Tloc           #.........   36%         3    ###....
 Tukima's Dance           Hex            #.......     36%         3    ###....
 Alistair's Intoxication  Tmut/Pois      #.......     98%         5    ######.
 Invisibility             Hex            #.......     100%        6    #######


Dungeon Overview and Level Annotations

Branches:
Dungeon (10/15)            Temple (1/1) D:6            Lair (0/6) D:10
    Orc (0/2) D:10

Altars:
Cheibriados
Dithmenos
Elyvilon
Gozag
Hepliaklqana
Kikubaaqudgha
Makhleb
Qazlal
Ru
Sif Muna
Wu Jian
Xom
The Shining One

Shops:
D:6 ?

Annotations:
D:3 1 runed door, Ijyb
D:5 1 runed door, TheNamelessOne's ghost, amateur OpWz
D:6 Menkaure
D:8 Erica
D:10 Snorg


Message History

Snorg is moderately wounded.
Snorg is engulfed in blazing flames.
Snorg misses you. Snorg closely misses you. Snorg barely misses you.
Snorg is engulfed in blazing flames.
Snorg bites you!! Snorg completely misses you. Snorg claws you!
Casting: Conjure Flame (safe; 22% risk of failure)
Confirm with . or Enter, or press ? or * to list all spells.
A film of ice covers your body!
Snorg is engulfed in blazing flames.
Snorg barely misses you. Snorg misses you. Snorg claws you but does no damage.
You slash Snorg!
Snorg is severely wounded.
Snorg is engulfed in blazing flames.
Snorg barely misses you. Snorg claws you!!
* * * LOW HITPOINT WARNING * * *
Snorg claws you.
* * * LOW HITPOINT WARNING * * *
Unknown command.
You closely miss Snorg.
Snorg is severely wounded.
Snorg bites you!
You die...

####### ##.## ##..##.# ###
####...##### #......##
##.###..#...#...#
##......###...#...##.<.)..######
##.#...##.............#...#.....
##[##..........###...###.........
##.............#####..#####......
................####..# ##.#....
...##...##......@##..#####.......
...#..รท........#T###..##.#....#..
...............#..##..##...#...#.
..................##..#..###.....
..............#.......#..##.###..
..............#..>#.........>.#..
.................#.((..(.........
........<.......#####.##..##...##
................###.(.##...#...#


You could see Snorg (berserk).

Vanquished Creatures
  Harold (D:8)
  A two-headed ogre (D:9)
  Joseph (D:9)
  A tengu conjurer (D:9)
  2 trolls
  A hornet (D:9)
  A blink frog (D:9)
  A wraith (D:9)
  A yak (D:9)
  Grum (D:9)
  A hungry ghost (D:8)
  2 wargs
  2 orc warriors (D:9)
  An ice beast (D:5)
  A necrophage (D:9)
  4 phantoms
  6 ogres
  2 wolves (D:9)
  4 centaurs
  A big kobold (D:6)
  4 bullfrogs
  A wyvern zombie (D:9)
  2 scorpions
  10 killer bees
  2 howler monkeys (D:4)
  17 wights
  A centaur zombie (D:9)
  A jelly (D:7)
  5 hounds
  11 orc priests
  2 bullfrog skeletons
  A centaur skeleton (D:5)
  A gnoll shaman (D:4)
  7 orc wizards
  Natasha (thrice) (D:2)
  2 iguanas
  6 worker ants
  A killer bee zombie (D:5)
  A big kobold zombie (Ossuary)
  2 hound skeletons (D:4)
  8 mummies (Ossuary)
  A worker ant zombie (D:10)
  9 adders
  12 gnolls
  A shadow imp (D:9)
  An ooze (D:6)
  2 adder skeletons
  2 worms
  5 leopard geckos
  47 orcs
  3 giant cockroaches
  A gnoll zombie (Ossuary)
  4 goblins
  8 hobgoblins
  7 jackals
  9 kobolds
  2 quokkas
  2 ball pythons (D:6)
  7 bats
  3 frilled lizards
  4 hobgoblin zombies (Ossuary)
  A jackal zombie (D:5)
  A kobold zombie (Ossuary)
  A leopard gecko skeleton (D:6)
  An orc zombie (Ossuary)
  6 rats
263 creatures vanquished.

Notes
Turn   | Place    | Note
-------+----------+-------------------------------------------
     0 | D:1      | tilp the Merfolk Ice Elementalist began the quest for the
                  | Orb.
     0 | D:1      | Reached XP level 1. HP: 13/13 MP: 3/3
   379 | D:1      | Reached XP level 2. HP: 19/19 MP: 0/5
   434 | D:1      | Learned a level 2 spell: Throw Frost
  1115 | D:1      | Reached XP level 3. HP: 19/24 MP: 0/6
  1283 | D:2      | Reached skill level 5 in Ice Magic
  1293 | D:2      | Learned a level 3 spell: Ozocubu's Armour
  1494 | D:2      | Found a white marble altar of Elyvilon.
  1520 | D:2      | Reached XP level 4. HP: 30/30 MP: 3/7
  1660 | D:2      | Noticed Natasha
  1669 | D:2      | Killed Natasha
  1669 | D:2      | Reached XP level 5. HP: 35/35 MP: 1/8
  1807 | D:2      | Noticed Natasha
  1863 | D:2      | Killed Natasha
  1892 | D:2      | Reached skill level 1 in Fighting
  1902 | D:2      | Noticed Natasha
  1905 | D:2      | Killed Natasha
  2046 | D:3      | Noticed Ijyb
  2201 | D:3      | Reached XP level 6. HP: 13/44 MP: 3/9
  2493 | D:3      | Found a runed door.
  3139 | D:3      | Found a shadowy altar of Dithmenos.
  3159 | D:3      | Reached skill level 5 in Dodging
  3509 | D:4      | Reached XP level 7. HP: 30/53 MP: 3/10
  3741 | D:4      | Reached skill level 1 in Polearms
  3763 | D:4      | Reached skill level 2 in Polearms
  3810 | D:4      | Found a sand-covered staircase.
  3814 | Ossuary  | Entered an ossuary
  4028 | Ossuary  | Reached skill level 3 in Polearms
  4323 | Ossuary  | Reached skill level 4 in Polearms
  5007 | D:4      | Reached skill level 5 in Polearms
  5328 | D:4      | Reached skill level 6 in Polearms
  5328 | D:4      | Reached XP level 8. HP: 4/60 MP: 0/11
  5994 | D:5      | Entered Level 5 of the Dungeon
  6128 | D:5      | Reached skill level 7 in Polearms
  6447 | D:5      | Reached skill level 8 in Polearms
  6630 | D:5      | Found a shadowy altar of Dithmenos.
  6814 | D:5      | Found a runed door.
  6817 | D:5      | Noticed TheNamelessOne's ghost (amateur OpWz)
  6861 | D:5      | Reached skill level 9 in Polearms
  6977 | D:5      | Found a shimmering altar of Xom.
  7004 | D:5      | Reached skill level 1 in Evocations
  7111 | D:5      | Reached skill level 10 in Polearms
  7631 | D:6      | Found Hoprubb's Magic Scroll Shoppe.
  7636 | D:6      | Bought a scroll of remove curse for 42 gold pieces
  7723 | D:6      | Reached XP level 9. HP: 54/65 MP: 12/12
  7779 | D:6      | Found a staircase to the Ecumenical Temple.
  7796 | D:6      | Noticed Menkaure
  8071 | D:6      | Reached skill level 11 in Polearms
  9051 | Temple   | Entered the Ecumenical Temple
  9124 | Temple   | Became a worshipper of Makhleb the Destroyer
  9274 | D:6      | Reached skill level 12 in Polearms
  9481 | D:6      | Bought a scroll of identify for 28 gold pieces
  9481 | D:6      | Bought a scroll of teleportation for 42 gold pieces
  9481 | D:6      | Bought a scroll of identify for 28 gold pieces
  9481 | D:6      | Bought a scroll of identify for 28 gold pieces
  9481 | D:6      | Bought a scroll of teleportation for 42 gold pieces
  9481 | D:6      | Bought a scroll of remove curse for 42 gold pieces
  9481 | D:6      | Bought a scroll of enchant weapon for 105 gold pieces
  9519 | D:7      | Reached skill level 1 in Conjurations
  9529 | D:6      | Reached skill level 1 in Charms
  9980 | D:7      | Found a snail-covered altar of Cheibriados.
 10601 | D:7      | Learned a level 4 spell: Throw Icicle
 10605 | D:7      | Learned a level 3 spell: Conjure Flame
 10974 | D:8      | Noticed Erica
 11175 | D:8      | Reached skill level 13 in Polearms
 11175 | D:8      | Reached XP level 10. HP: 72/72 MP: 9/14
 11643 | D:9      | Noticed Harold
 11715 | D:9      | Noticed Maurice
 11716 | D:9      | Noticed Maurice
 11716 | D:9      | Maurice changed into Maurice the worm
 11720 | D:9      | Killed Maurice the worm
 11749 | D:9      | Noticed Joseph
 12243 | D:9      | Identified the amulet "Uteube" {Spirit *Drain rN+ MR+
                  | Int+2}
 12258 | D:9      | Noticed a two-headed ogre
 12290 | D:9      | Killed a two-headed ogre
 12290 | D:9      | Reached skill level 14 in Polearms
 12473 | D:9      | Reached * piety under Makhleb
 13063 | D:9      | Noticed Grum
 13131 | D:9      | Reached skill level 15 in Polearms
 13521 | D:9      | Killed Joseph
 13882 | D:8      | Killed Harold
 13882 | D:8      | Reached skill level 16 in Polearms
 13882 | D:8      | Reached XP level 11. HP: 34/77 MP: 5/17
 14144 | D:9      | Killed Grum
 14401 | D:10     | Entered Level 10 of the Dungeon
 14415 | D:10     | Found a staircase to the Lair.
 14421 | D:10     | Learned a level 2 spell: Blink
 14423 | D:10     | Learned a level 1 spell: Apportation
 14425 | D:10     | Learned a level 1 spell: Summon Butterflies
 14425 | D:10     | Found a stormy altar of Qazlal.
 14506 | D:10     | Noticed a tengu warrior
 14526 | D:10     | Noticed Snorg
 15095 | D:9      | Reached skill level 17 in Polearms
 16722 | D:10     | Found a staircase to the Orcish Mines.
 16830 | D:10     | HP: 2/77 [Snorg (18)]
 16831 | D:10     | Mangled by Snorg

Vault maps used:
D:1:      minmay_arrival_up_and_down
D:2:      elyvilon_altar_1, uniq_natasha
D:3:      overflow_temple_1_default, kennysheep_generic_room_15, uniq_ijyb,
          uniq_crazy_yiuf_cottage
D:4:      enter_ossuary_5
D:5:      xom_confusion_cloud, ebering_ghost_inner_flame, basic_altar,
          first_ration
D:6:      temple_statues, serial_shops, shop, portal_sewer_entry_d,
          minmay_between, uniq_menkaure
D:7:      lemuel_crystal_altar
D:8:      uniq_erica
D:9:      hangedman_pestilent_swarm, onia_ninara_cookie, uniq_maurice,
          uniq_grum, uniq_joseph, uniq_harold
D:10:     lair_entry_dummy, erik_orc_4, basic_altar,
          hangedman_abyss_or_decor_lesser_grid, uniq_snorg
Temple:   dpeg_five_rooms_temple
Ossuary:  ossuary_tomb_3

Skill      XL: |  1  2  3  4  5  6  7  8  9 10 11 |
---------------+----------------------------------+-----
Ice Magic      | 4 5 6 |  6.1
Dodging        | 4 5 6 |  6.0
Fighting       | 2 3 4 |  4.3
Polearms       | 6 10 13 16 17 | 17.5
Evocations     | 3 4 |  4.0
Conjurations   | 2 |  2.6
Charms         | 2 4 |  4.2
Spellcasting   | 3 4 |  4.1
Stealth        | |  2.1

Action                   |  1- 3 |  4- 6 |  7- 9 | 10-12 || total
-------------------------+-------+-------+-------+-------++-------
Melee: Short sword       |    11 |    14 |       |       ||    25
       Whip              |       |    10 |   214 |       ||   224
       Dagger            |       |       |   120 |       ||   120
       Trident           |       |       |    47 |       ||    47
       Halberd           |       |       |    57 |   205 ||   262
       Glaive            |       |       |       |   136 ||   136
Throw: Stone             |       |     7 |    11 |       ||    18
       Tomahawk          |       |       |     7 |     6 ||    13
 Cast: Freeze            |    36 |   105 |   144 |    78 ||   363
       Throw Frost       |     1 |     3 |    11 |    14 ||    29
       Ozocubu's Armour  |       |     1 |    36 |    33 ||    70
       Conjure Flame     |       |       |       |     5 ||     5
       Throw Icicle      |       |       |       |     3 ||     3
Evoke: Wand              |       |       |     1 |     7 ||     8
  Use: Potion            |       |     5 |     2 |     4 ||    11
       Scroll            |       |     4 |    13 |    10 ||    27
 Stab: Sleeping          |     1 |     1 |     7 |     4 ||    13
       Distracted        |       |       |     1 |       ||     1
  Eat: Chunk             |     2 |     9 |    19 |    17 ||    47
       Ration            |       |       |     4 |     2 ||     6
Armor: Robe              |     6 |    12 |    84 |    93 ||   195
       Skin              |       |    10 |       |       ||    10
Dodge: Dodged            |    26 |    63 |   386 |   242 ||   717

Table legend:
 A = Non-vault XP
 B = Vault XP
 C = Vault XP percentage of total XP
 D = Non-vault monster count
 E = Vault monster count
 F = Vault count percentage of total count
                 A         B        C        D         E       F
            +---------+---------+-------+---------+---------+-------
      Total |    6560 |    5502 |  45.6 |     197 |      66 |  25.1
            +---------+---------+-------+---------+---------+-------
        D:1 |      27 |       0 |   0.0 |       9 |       0 |   0.0
        D:2 |     197 |      36 |  15.5 |      25 |       1 |   3.8
        D:3 |     296 |       0 |   0.0 |      36 |       0 |   0.0
        D:4 |     609 |       0 |   0.0 |      24 |       0 |   0.0
        D:5 |     741 |     351 |  32.1 |      25 |       6 |  19.4
        D:6 |     788 |     263 |  25.0 |      18 |       4 |  18.2
        D:7 |     952 |       0 |   0.0 |      19 |       0 |   0.0
        D:8 |     492 |     981 |  66.6 |       6 |       1 |  14.3
        D:9 |    1617 |    3326 |  67.3 |      21 |      24 |  53.3
       D:10 |     841 |     371 |  30.6 |      14 |      14 |  50.0
    Ossuary |       0 |     174 | 100.0 |       0 |      16 | 100.0
            +---------+---------+-------+---------+---------+-------
